 Dungeon Crawl Stone Soup version 0.21.1-1-g345015f (webtiles) character file.

401 Mgcat the Skirmisher (level 6, -1/52 HPs)
             Began as a Demonspawn Chaos Knight on Feb 9, 2018.
             Slain by a shadow (10 damage)
             ... summoned by the capriciousness of Xom
             ... on level 4 of the Dungeon.
             The game lasted 00:08:19 (3557 turns).

Mgcat the Skirmisher (Demonspawn Chaos Knight)      Turns: 3557, Time: 00:08:20

Health: -1/52      AC:  5    Str: 13    XL:     6   Next: 54%
Magic:  6/6        EV: 10    Int: 14    God:    Xom [.*....]
Gold:   185        SH:  3    Dex: 15    Spells: 5/5 levels left

rFire    + + .     SeeInvis .   a - +0 hand axe (chaos)
rCold    x . .     Gourm    .   n - +0 buckler
rNeg     . . .     Faith    .   b - +2 leather armour
rPois    .         Spirit   .   (helmet restricted)
rElec    .         Reflect  .   (no cloak)
rCorr    .         Harm     .   (no gloves)
MR       .....                  (no boots)
Stlth    +.........             (no amulet)
HPRegen  0.17/turn              p - ring of fire {rF+, rC-}
MPRegen  0.10/turn              k - ring of protection from fire {rF+, !d}

@: no status effects
A: beak, claws 1, horns 1, agile 1, blurry vision 1, demonic guardian 1, powered
by pain 2
a: Renounce Religion


You were on level 4 of the Dungeon.
You worshipped Xom.
You were a plaything of Xom.
You were not hungry.

You visited 1 branch of the dungeon, and saw 4 of its levels.

You collected 185 gold pieces.

Inventory:

Hand Weapons
 a - a +0 hand axe of chaos (weapon)
 t - a +0 mace of protection
   (You took it off an orc on level 3 of the Dungeon)
Armour
 b - a +2 leather armour (worn)
 n - a +0 buckler (worn)
   (You found it on level 2 of the Dungeon)
Jewellery
 j - an uncursed ring of flight {+Fly, !d}
   (You found it on level 1 of the Dungeon)
 k - a ring of protection from fire (right claw) {rF+, !d}
   (You found it on level 2 of the Dungeon)
 p - a ring of fire (left claw) {rF+, rC-}
   (You found it on level 2 of the Dungeon)
Wands
 s - a wand of flame (25)
   (You found it on level 3 of the Dungeon)
Scrolls
 e - 4 scrolls of identify {unknown}
 g - 5 scrolls of fear {unknown}
 h - a scroll of remove curse
 i - 5 scrolls of teleportation {unknown}
 l - a scroll of amnesia {unknown}
 m - a scroll of enchant weapon {unknown}
 u - a scroll of fog
 v - a scroll of magic mapping {unknown}
Potions
 d - a potion of haste
 f - 2 potions of degeneration {unknown}
 q - a potion of might {unknown}
 r - a potion of agility {unknown}
 w - a potion of curing
Comestibles
 c - 8 rations
 o - 5 chunks of flesh {@w0}


   Skills:
 + Level 5.6 Fighting
 + Level 5.1 Axes
 - Level 1.7 Armour
 - Level 0.8 Dodging


You had 5 spell levels left.
You didn't know any spells.

Dungeon Overview and Level Annotations

Branches:
Dungeon (4/15)
 Temple: D:4-7

Altars:
Ashenzari
Makhleb
Okawaru
Ru
Xom
Zin


Innate Abilities, Weirdness & Mutations

You have sharp fingernails.
A weak demonic guardian rushes to your aid.
You sometimes gain power by taking damage.
You have a beak for a mouth.
You have a pair of small horns on your head.
You are agile. (Dex +2)
Scrolls take you a little longer to read.


Message History

You barely miss the orc priest. Your headbutt misses the orc priest.
Your peck misses the orc priest. You slash the orc priest!
The orc priest seems to speed up.
Your headbutt misses the orc priest. Your peck misses the orc priest.
The orc priest is almost dead.
The orc priest mumbles some strange prayers to Beogh against you.
You barely resist. The orc priest barely misses you.
You closely miss the orc priest.
You kill the orc priest!
Things that are here:
a hand axe; an orc corpse Your ufetubus disappears in a puff of smoke!
You hear the hiss of a very distant avalanche of sand.
You hear the rusting of a distant drain.
You feel a little less mighty now.
You hear the hiss of a very distant avalanche of sand.
You hear the brisk rusting of a distant drain.
HP restored.
You butcher the orc corpse.
o - 3 chunks of flesh {@w0} You see here a hand axe. x2
You butcher the orc corpse.
o - 6 chunks of flesh {@w0} (gained 3)
You see here an orc skeleton. x2
You see here a hand axe.
Items here: )) [ รท a trident; a leather armour; a short sword; an orc skeleton
f - 2 lumpy brown potions (gained 1)
You hear the brisk hiss of a distant avalanche of sand.
You hear the brisk rusting of a distant drain.
An adder comes into view.
An adder is nearby!
Found a potion of curing.
Found a stone staircase leading up.
No target in view!
No target in view!
No target in view!
No target in view!
The adder is too close now for your liking.
You hit the adder but do no damage. Your headbutt misses the adder.
The adder bites you but does no damage.
You closely miss the adder. The adder barely misses you.
The adder bites you but does no damage.
You barely miss the adder. Your headbutt misses the adder.
The adder misses you.
You miss the adder. You headbutt the adder. Your peck misses the adder.
The adder is heavily wounded.
The adder closely misses you. x2
You closely miss the adder.
The adder is heavily wounded.
The adder bites you.
You are poisoned.
The adder poisons you!
You hit the adder. You burn the adder.
You kill the adder!
You feel sick.
No target in view!
No target in view!
You feel sick.
There is a stone staircase leading up here.
You feel sick.
w - a potion of curing You feel sick.
You feel sick.
You open the door.
You feel sick.
Found a stone staircase leading down.
Eating one of 6 chunks of flesh {@w0}.
You eat one of the 6 chunks of flesh {@w0}.
This raw flesh tastes terrible.
You feel sick.
You are no longer poisoned.
An ogre comes into view. It is wielding a giant spiked club.
An ogre is nearby!
You hear Xom's maniacal laughter.
Flickering shadows surround you.
Your ufetubus closely misses the ogre.
Your ufetubus completely misses the ogre.
The ogre closely misses your ufetubus.
You closely miss the shadow. Your ufetubus hits the ogre. x4
The ogre hits your ufetubus with a giant spiked club!
Your ufetubus dies!
The ogre shouts!
You hit the shadow but do no damage.
You headbutt the shadow, but do no damage.
Your peck misses the shadow. You hit the shadow but do no damage.
The shadow hits you! The shadow closely misses you. The shadow hits you.
You closely miss the shadow.
You headbutt the shadow, but do no damage.
You hit the shadow but do no damage. The shadow hits you. x2
You hit the shadow but do no damage.
The air around the shadow burns with energy!
You headbutt the shadow, but do no damage.
You barely miss the ogre. You barely miss the shadow.
You hear the brisk hiss of an avalanche of sand nearby.
You hear the brisk rusting of a distant drain.
The shadow hits you. You block the shadow's attack.
The ogre hits you with a giant spiked club!!
* * * LOW HITPOINT WARNING * * *
The shadow hits you!
You die...
Xom howls with laughter!

#. #.# ######### ##+#.#
#.......# .##
#....#####....@.O#...##
#.......##....WW......#
#......................
#.>....................
#.......#######.##.....
####.#### #.# #.#.# #.#
.... .# #
###.########..... .
###................. .


You could see an ogre and 2 shadows.

Vanquished Creatures
  A hound (D:3)
  4 orc priests
  3 orc wizards (D:3)
  A howler monkey skeleton (D:3)
  2 adders
  An ooze (D:1)
  2 worms
  A leopard gecko (D:2)
  14 orcs
  An orc (shapeshifter) (D:1)
  4 ball pythons
  8 bats
  4 giant cockroaches
  3 hobgoblins
  4 jackals (D:1)
  A quokka (D:2)
  A frilled lizard (D:1)
  6 goblins
  2 kobolds (D:3)
  5 rats
68 creatures vanquished.

Vanquished Creatures (collateral kills)
  An orc priest (D:4)
  An orc wizard (D:3)
  4 gnolls (D:2)
  3 orcs
  A giant cockroach (D:2)
10 creatures vanquished.

Grand Total: 78 creatures vanquished

Notes
Turn   | Place    | Note
-------+----------+-------------------------------------------
     0 | D:1      | Mgcat the Demonspawn Chaos Knight began the quest for the Orb.
     0 | D:1      | Reached XP level 1. HP: 18/18 MP: 1/1
    26 | D:1      | XOM: harmless Air miscast
    85 | D:1      | Reached skill level 3 in Axes
    85 | D:1      | Gained mutation: You have sharp fingernails. [demonic ancestry]
    85 | D:1      | Reached XP level 2. HP: 22/24 MP: 2/2
   128 | D:1      | XOM: harmless Conj miscast
   211 | D:1      | XOM: harmless Tmut miscast
   422 | D:1      | XOM: divination: detect items
   775 | D:2      | Gained mutation: A weak demonic guardian rushes to your aid. [demonic ancestry]
   775 | D:2      | Reached XP level 3. HP: 23/29 MP: 3/3
   834 | D:2      | XOM: cloud trail
   944 | D:2      | XOM: harmless Hex miscast
  1050 | D:2      | XOM: butterfly on damage
  1064 | D:2      | Reached skill level 4 in Fighting
  1073 | D:2      | HP: 4/30 [gnoll (7)]
  1091 | D:2      | XOM: summons friendly shadow imp
  1381 | D:2      | Found an iron altar of Okawaru.
  1401 | D:2      | Gained mutation: You sometimes gain a little power by taking damage. [demonic ancestry]
  1401 | D:2      | Reached XP level 4. HP: 37/37 MP: 4/4
  1449 | D:2      | Found a shattered altar of Ashenzari.
  1743 | D:3      | Reached skill level 4 in Axes
  1756 | D:3      | XOM: cloud trail
  1911 | D:3      | XOM: potion effect (might)
  1914 | D:3      | Gained mutation: You sometimes gain power by taking damage. [demonic ancestry]
  1914 | D:3      | Reached XP level 5. HP: 40/43 MP: 5/5
  2056 | D:3      | XOM: give mutations
  2056 | D:3      | Gained mutation: You have a pair of small horns on your head. [Xom's grace]
  2056 | D:3      | Gained mutation: You have a beak for a mouth. [Xom's grace]
  2056 | D:3      | Gained mutation: You are agile. (Dex +2) [Xom's grace]
  2145 | D:3      | Found a glowing silver altar of Zin.
  2166 | D:3      | Reached skill level 5 in Fighting
  2171 | D:3      | XOM: smoke on damage
  2185 | D:3      | HP: 11/44 [poisoned by an orc priest]
  2190 | D:3      | HP: 10/44 [poisoned by an orc priest]
  2198 | D:3      | HP: 9/44 [poisoned by an orc priest]
  2469 | D:3      | XOM: scenery: create altars
  2474 | D:3      | Found a sacrificial altar of Ru.
  2529 | D:3      | Reached XP level 6. HP: 40/51 MP: 6/6
  2555 | D:3      | XOM: god gift: ration
  2822 | D:3      | XOM: god gift: 30 stones
  2865 | D:3      | Found a burning altar of Makhleb.
  2900 | D:3      | XOM: harmless Ice miscast
  2960 | D:3      | XOM: give mutation
  2960 | D:3      | Gained mutation: Scrolls take you a little longer to read. [Xom's mischief]
  3162 | D:4      | XOM: god gift: scroll labeled ESHUPN AFETHO {god gift}
  3173 | D:4      | HP: 9/51 [orc priest/divine providence (13)]
  3357 | D:4      | Reached skill level 5 in Axes
  3551 | D:4      | XOM: medium Necr miscast
  3552 | D:4      | Noticed a shadow
  3552 | D:4      | Noticed a shadow
  3556 | D:4      | HP: 8/52 [ogre/giant spiked club (22)]
  3557 | D:4      | Slain by a shadow

Skill      XL: |  1  2  3  4  5  6 |
---------------+-------------------+-----
Axes           | 3 4 5 |  5.1
Fighting       | 4 5 |  5.6
Armour         | |  1.7
Dodging        | |  0.8

Action                   |  1- 3 |  4- 6 || total
-------------------------+-------+-------++-------
Melee: Hand axe          |    86 |   123 ||   209
       Short sword       |    26 |       ||    26
       Headbutt          |       |    14 ||    14
       Peck              |       |     7 ||     7
  Use: Potion            |     2 |       ||     2
       Scroll            |     1 |     1 ||     2
 Stab: Sleeping          |     1 |       ||     1
  Eat: Chunk             |     1 |     8 ||     9
Armor: Leather armour    |    50 |    39 ||    89
Dodge: Dodged            |    75 |    47 ||   122
Block: Buckler           |       |    15 ||    15

Vault maps used:
D:1:      kennysheep_arrival_forest
D:2:      okawaru_trees_2, ashenzari_altar_1, first_ration,
          palyth_stone_intersect
D:3:      old_standard_altar, overflow_temple_1_default,
          makhleb_blood_cavern_becter
D:4:      eat_drink_and_be_merry_uskayaw, portal_sewer_entry_a, enter_ossuary_5,
          serial_shops, shop, roderic_serpentine_path,
          hangedman_decor_diamond_cutter, uniq_ijyb

Table legend:
 A = Turns spent in this place as a percentage of turns spent in the entire game.
 B = Non-inter-level travel turns spent in this place as a percentage of non-inter-level travel turns spent in the entire game.
 C = Inter-level travel turns spent in this place as a percentage of turns spent in this place.
 D = Turns resting spent in this place as a percentage of non-inter-level travel turns spent in this place.
 E = Turns spent auto-exploring this place as a percentage of non-inter-level travel turns spent in this place.
 F = Non-inter-level travel turns spent in this place divided by the number of levels of this place that you've seen.
                   A       B       C       D       E      F
               +-------+-------+-------+-------+-------+----------------------
         Total | 100.0 | 100.0 |   2.4 |   0.1 |  82.5 | 867.5
       Dungeon | 100.0 | 100.0 |   2.4 |   0.1 |  82.5 | 867.5
               +-------+-------+-------+-------+-------+----------------------

Table legend:
 A = Kills in this place as a percentage of kills in entire the game.
 B = Kills by you in this place as a percentage of kills by you in the entire game.
 C = Kills by friends in this place as a percentage of kills by friends in the entire game.
 D = Other kills in this place as a percentage of other kills in the entire game.
 E = Experience gained in this place as a percentage of experience gained in the entire game.
 F = Experience gained in this place divided by the number of levels of this place that you have seen.
                   A       B       C       D       E      F
               +-------+-------+-------+-------+-------+----------------------
         Total | 100.0 | 100.0 | 100.0 |   N/A | 100.0 | 143.5
       Dungeon | 100.0 | 100.0 | 100.0 |   N/A | 100.0 | 143.5
               +-------+-------+-------+-------+-------+----------------------
